 Dungeon Crawl Stone Soup version 0.27.1 (webtiles) character file.

Game seed: 17460110688858213418

343 Rickety the Shield-Bearer (level 6, -6/53 HPs)
             Began as a Gnoll Fighter on Sept 4, 2021.
             Was an Initiate of Cheibriados.
             Mangled by a two-headed ogre (9 damage)
             ... on level 4 of the Dungeon.
             The game lasted 00:07:11 (2957 turns).

Rickety the Shield-Bearer (Gnoll Fighter)           Turns: 2957, Time: 00:07:11

Health: -6/53      AC: 10    Str: 18    XL:     6   Next: 57%
Magic:  8/9        EV:  8    Int:  9    God:    Cheibriados [......]
Gold:   109        SH: 10    Dex: 12    Spells: 9/9 levels left

rFire    . . .     SeeInvis .   o - +1 whip (elec)
rCold    + . .     Faith    .   c - +0 kite shield
rNeg     . . .     Spirit   .   b - +0 scale mail
rPois    .         Reflect  .   f - +0 helmet
rElec    .         Harm     .   m - +0 cloak
rCorr    .         Rampage  .   (no gloves)
Will     .....                  (no boots)
Stlth    ..........             (no amulet)
HPRegen  0.17/turn              q - ring of protection from cold
MPRegen  0.11/turn              (no ring)

@: very slow
A: fangs 1, strong nose, distributed training
a: Renounce Religion, Bend Time


You were on level 4 of the Dungeon.
You worshipped Cheibriados.
Cheibriados was noncommittal.
You visited 2 branches of the dungeon, and saw 5 of its levels.

You collected 169 gold pieces.
You spent 60 gold pieces at shops.

Inventory:

Hand Weapons
 j - a +1 dagger of speed
 o - a +1 whip of electrocution (weapon)
 u - a +2 vampiric war axe
Missiles
 g - 3 atropa-tipped darts (quivered)
 v - 7 curare-tipped darts
Armour
 b - a +0 scale mail (worn)
 c - a +0 kite shield (worn)
 f - a +0 helmet (worn)
 m - a +0 cloak (worn)
Jewellery
 q - a ring of protection from cold (left hand)
Wands
 t - a wand of paralysis (6)
Scrolls
 e - 3 scrolls of identify {unknown}
 h - a scroll of enchant armour {unknown}
 i - a scroll of magic mapping {unknown}
 k - a scroll of blinking {unknown}
 l - a scroll of fog {unknown}
 n - a scroll of vulnerability {unknown}
 p - 2 scrolls of teleportation {unknown}
 r - a scroll of noise {unknown}
Potions
 a - a potion of heal wounds
 d - 4 potions of might
 s - 2 potions of lignification {unknown}


   Skills:
 + Level 6.8 Fighting
 + Level 2.0 Short Blades
 + Level 2.0 Long Blades
 + Level 2.0 Axes
 + Level 5.0 Maces & Flails
 + Level 2.0 Polearms
 + Level 2.0 Staves
 + Level 2.0 Slings
 + Level 2.0 Bows
 + Level 2.0 Crossbows
 + Level 2.0 Throwing
 + Level 6.8 Armour
 + Level 2.0 Dodging
 + Level 2.0 Stealth
 + Level 6.8 Shields
 + Level 2.0 Unarmed Combat
 + Level 2.0 Spellcasting
 + Level 1.6 Conjurations
 + Level 1.6 Hexes
 + Level 1.6 Summonings
 + Level 1.6 Necromancy
 + Level 1.6 Translocations
 + Level 1.6 Transmutations
 + Level 1.6 Fire Magic
 + Level 1.6 Ice Magic
 + Level 1.6 Air Magic
 + Level 1.6 Earth Magic
 + Level 1.6 Poison Magic
 + Level 2.2 Invocations
 + Level 2.0 Evocations


You had 9 spell levels left.
You didn't know any spells.
Your spell library contained the following spells:

 Spells                   Type           Power      Damage    Failure   Level
 Dazzling Flash           Conj/Hex       6%         N/A       99%         3
 Iskenderun's Mystic Bla  Conj/Tloc      3%         2d3       100%        4
 Starburst                Conj/Fire      1%         6d3       100%        6


Dungeon Overview and Level Annotations

Branches:
Dungeon (4/15)             Temple (1/1) D:4

Altars:
Ashenzari
Cheibriados
Dithmenos
Elyvilon
Hepliaklqana
Kikubaaqudgha
Qazlal
Ru
Sif Muna
Uskayaw
Wu Jian
Yredelemnul
Zin

Shops:
D:3 =[[(!


Innate Abilities, Weirdness & Mutations

You have very sharp teeth.
Your uncanny sense of smell can sniff out nearby items.
Your experience applies equally to all skills.


Message History

Your Maces & Flails skill increases to level 5!
Your Polearms skill increases to level 2!
Your Staves skill increases to level 2!
Your Slings skill increases to level 2!
Your Bows skill increases to level 2!
Your Crossbows skill increases to level 2!
Your Throwing skill increases to level 2!
Your Dodging skill increases to level 2!
Your Stealth skill increases to level 2!
Your Unarmed Combat skill increases to level 2!
Your Spellcasting skill increases to level 2!
Your Evocations skill increases to level 2!
Throw: 7 darts (atropa)
Press: ? - help, Q - select action, (/) - cycle Shift-Dir - straight line, f - two-headed ogre
Aim: a two-headed ogre, wielding two +0 giant clubs (76% to hit, chance to blind on hit: 3%)
You throw an atropa-tipped dart.
The atropa-tipped dart completely misses the two-headed ogre.
The two-headed ogre misses you.
The two-headed ogre completely misses you.
Throw: 6 darts (atropa)
Press: ? - help, Q - select action, (/) - cycle Shift-Dir - straight line, f/p - two-headed ogre
Aim: a two-headed ogre, wielding two +0 giant clubs (76% to hit, chance to blind on hit: 3%)
You throw an atropa-tipped dart.
The atropa-tipped dart barely misses the two-headed ogre.
Throw: 5 darts (atropa)
Press: ? - help, Q - select action, (/) - cycle Shift-Dir - straight line, f/p - two-headed ogre
Aim: a two-headed ogre, wielding two +0 giant clubs (76% to hit, chance to blind on hit: 3%)
You throw an atropa-tipped dart.
The atropa-tipped dart closely misses the two-headed ogre.
The two-headed ogre hits you with a +0 giant club!
You block the two-headed ogre's attack.
Throw: 4 darts (atropa)
Press: ? - help, Q - select action, (/) - cycle Shift-Dir - straight line, f/p - two-headed ogre
Aim: a two-headed ogre, wielding two +0 giant clubs (76% to hit, chance to blind on hit: 3%)
You throw an atropa-tipped dart.
The atropa-tipped dart hits the two-headed ogre!
The two-headed ogre resists.
The two-headed ogre hits you with a +0 giant club!
* * * LOW HITPOINT WARNING * * *
The two-headed ogre hits you with a +0 giant club!
You die...

............## #).#
.............# ##)#
.............###..###
............##).....##
#.........#....###..##
###......#...##...##.#
###..#..####.....##.
###...#####........#
###(O@### #.........# ###
###...### #..........
...##...### #..).......
#....#.### ####''####....
###..(...## #........#....
#........# #.♣♣..♣♣.#....
##........## #.♣8..8♣.#....
#..........# #........#....
#..........###........#...#


You could see a two-headed ogre.

Vanquished Creatures
  A black bear (D:4)
  An orc priest (D:4)
  An orc wizard (D:4)
  Natasha (D:4)
  A hound skeleton (D:4)
  3 gnolls (D:2)
  2 adders (D:3)
  An adder skeleton (D:4)
  A worm (D:4)
  5 dart slugs
  5 orcs
  13 ball pythons
  6 bats
  5 endoplasms
  2 giant cockroaches
  9 goblins
  3 hobgoblins
  11 kobolds
  5 quokkas
  8 frilled lizards
  7 rats
91 creatures vanquished.

Vanquished Creatures (others)
  A human (D:3)
1 creature vanquished.

Grand Total: 92 creatures vanquished

Notes
Turn   | Place    | Note
-------+----------+-------------------------------------------
     0 | D:1      | Rickety the Gnoll Fighter began the quest for the Orb.
     0 | D:1      | Reached XP level 1. HP: 23/23 MP: 1/1
    62 | D:1      | Reached XP level 2. HP: 28/29 MP: 2/2
   274 | D:1      | Reached XP level 3. HP: 35/35 MP: 3/3
   477 | D:1      | Reached skill level 1 in Invocations
   868 | D:2      | Reached skill level 1 in Short Blades
   868 | D:2      | Reached skill level 1 in Long Blades
   868 | D:2      | Reached skill level 1 in Axes
   868 | D:2      | Reached skill level 1 in Polearms
   868 | D:2      | Reached skill level 1 in Staves
   868 | D:2      | Reached skill level 1 in Slings
   868 | D:2      | Reached skill level 1 in Bows
   868 | D:2      | Reached skill level 1 in Crossbows
   868 | D:2      | Reached skill level 1 in Throwing
   868 | D:2      | Reached skill level 1 in Dodging
   868 | D:2      | Reached skill level 1 in Stealth
   868 | D:2      | Reached skill level 1 in Unarmed Combat
   868 | D:2      | Reached skill level 1 in Spellcasting
   868 | D:2      | Reached skill level 1 in Evocations
   880 | D:2      | Found a white marble altar of Elyvilon.
   943 | D:2      | Reached XP level 4. HP: 26/41 MP: 5/5
  1208 | D:2      | Reached skill level 1 in Conjurations
  1208 | D:2      | Reached skill level 1 in Hexes
  1208 | D:2      | Reached skill level 1 in Summonings
  1208 | D:2      | Reached skill level 1 in Necromancy
  1208 | D:2      | Reached skill level 1 in Translocations
  1208 | D:2      | Reached skill level 1 in Transmutations
  1208 | D:2      | Reached skill level 1 in Fire Magic
  1208 | D:2      | Reached skill level 1 in Ice Magic
  1208 | D:2      | Reached skill level 1 in Air Magic
  1208 | D:2      | Reached skill level 1 in Earth Magic
  1208 | D:2      | Reached skill level 1 in Poison Magic
  1566 | D:2      | You fall into a shaft and drop 1 floor!
  1566 | D:3      | Found a shimmering blue altar of Sif Muna.
  1574 | D:3      | Found Niamm's Distillery.
  1584 | D:3      | Bought a potion of heal wounds for 60 gold pieces
  1872 | D:3      | Reached XP level 5. HP: 47/47 MP: 6/6
  1975 | D:3      | Found Diafux's Antique Weapon Shoppe.
  2069 | D:3      | Found Egopp's Antique Armour Shop.
  2115 | D:3      | Found Mepy's Jewellery Emporium.
  2130 | D:3      | Found Quiquniubo's Antique Armour Boutique.
  2208 | D:3      | Found an ancient bone altar of Kikubaaqudgha.
  2220 | D:3      | Noticed a human
  2222 | D:3      | Killed a human
  2371 | D:4      | Noticed a two-headed ogre
  2522 | D:4      | Found a staircase to the Ecumenical Temple.
  2531 | Temple   | Entered the Ecumenical Temple
  2604 | Temple   | Became a worshipper of Cheibriados the Contemplative
  2711 | D:4      | Noticed Natasha
  2719 | D:4      | Killed Natasha
  2816 | D:4      | Reached XP level 6. HP: 53/53 MP: 8/8
  2934 | D:4      | Noticed a black bear
  2953 | D:4      | Killed a black bear
  2954 | D:4      | Reached skill level 5 in Maces & Flails
  2957 | D:4      | Mangled by a two-headed ogre

Illustrated notes

Levels and vault maps discovered:
D:1:      dpeg_arrival_rhombus, layout_basic, st_stairs_3,
          wad_floor_pattern_untrapped
D:2:      layout_basic, basic_altar
D:3:      layout_basic, nicolae_sif_muna_condensation, tgw_kikubaaqudgha,
          serial_shops, shop, nicolae_square_shop, nicolae_shop_crystal, shop,
          shop, grunt_ministairs_5
D:4:      layout_cave_pods, tgw_xom, minmay_temple_entry_trees, serial_shops,
          nicolae_shop_waterfront, kennysheep_generic_room_5, uniq_natasha,
          uniq_ijyb
Temple:   eino_temple_lava

Skill      XL: |  1  2  3  4  5  6 |
---------------+-------------------+-----
Invocations    | 1 2 |  2.2
Short Blades   | 1 2 |  2.0
Long Blades    | 1 2 |  2.0
Axes           | 1 2 |  2.0
Polearms       | 1 2 |  2.0
Staves         | 1 2 |  2.0
Slings         | 1 2 |  2.0
Bows           | 1 2 |  2.0
Crossbows      | 1 2 |  2.0
Throwing       | 1 2 |  2.0
Dodging        | 1 2 |  2.0
Stealth        | 1 2 |  2.0
Unarmed Combat | 1 2 |  2.0
Spellcasting   | 1 2 |  2.0
Evocations     | 1 2 |  2.0
Conjurations   | 1 |  1.6
Hexes          | 1 |  1.6
Summonings     | 1 |  1.6
Necromancy     | 1 |  1.6
Translocations | 1 |  1.6
Transmutations | 1 |  1.6
Fire Magic     | 1 |  1.6
Ice Magic      | 1 |  1.6
Air Magic      | 1 |  1.6
Earth Magic    | 1 |  1.6
Poison Magic   | 1 |  1.6
Maces & Flails | 5 |  5.0
Fighting       | |  6.8
Armour         | |  6.8
Shields        | |  6.8

Action                   |  1- 3 |  4- 6 || total
-------------------------+-------+-------++-------
Melee: Flail             |   118 |    37 ||   155
       Bite              |     5 |    11 ||    16
       Whip              |       |   122 ||   122
Throw: Dart              |       |     4 ||     4
Armor: Scale mail        |    72 |    40 ||   112
Dodge: Dodged            |    35 |    51 ||    86
Block: Kite shield       |    85 |    72 ||   157
